 Dungeon Crawl Stone Soup version 0.28-a0-1506-g3893175d92 (webtiles) character file.

Game seed: 1334765455533379538

167596 HallandMoats the Warrior (level 17, -1/158 HPs)
             Began as a Ghoul Fighter on Jan 14, 2022.
             Was the Champion of Qazlal.
             Hit by a javelin thrown by a merfolk javelineer (22 damage)
             ... on level 4 of the Shoals.
             The game lasted 01:00:32 (36755 turns).

HallandMoats the Warrior (Ghoul Fighter)           Turns: 36755, Time: 01:00:33

Health: -1/158     AC: 20    Str: 31    XL:     17   Next: 92%
Magic:  27/27      EV: 21    Int: 12    God:    Qazlal [******]
Gold:   2998       SH: 15    Dex: 20    Spells: 16/16 levels left

rFire   + + .      SeeInvis +   b - +8 hand axe of Oxkesett {spect, Str+2 Int+2}
rCold   + + +      Faith    .   c - +1 buckler
rNeg    + + +      Spirit   .   H - +5 ring mail of Context {Harm rN+ Int+5}
rPois   ∞          Reflect  .   K - +2 helmet "Zegiot" {Harm rElec rN+ Str+3}
rElec   +          Harm     +   L - scarf {rC+ rF+}
rCorr   .          Rampage  .   (no gloves)
Will    +....                   F - +0 pair of boots
Stlth   +.........              D - amulet "Onapuwur" {RegenMP rF+ rC+ Will+ Dex+4}
HPRegen 0.00/turn               e - ring of the Meadowlark {EV+4 Str+2}
MPRegen 0.60/turn               s - ring of Xusuodauhe {rC++ Will- Dex+6 SInv}

@: mighty, protected from physical damage, inhibited regen, studying Long
Blades, repel missiles
A: claws 1, cold resistance 1, negative energy resistance 3, inhibited
regeneration, torment resistance 2
a: Renounce Religion, Upheaval, Elemental Force, Disaster Area


You were on level 4 of the Shoals.
You worshipped Qazlal.
Qazlal was exalted by your worship.
You visited 4 branches of the dungeon, and saw 27 of its levels.

You collected 4112 gold pieces.
You spent 1114 gold pieces at shops.

Inventory:

Hand Weapons
 a - the +6 hunting sling "Qappioq" {freeze, Will+ Dex+3}
   (You found it on level 3 of the Dungeon)

   Any ammunition fired from it freezes those it strikes, dealing additional
   cold damage.
   It can also slow down cold-blooded creatures.
   Dex:       It affects your dexterity (+3).
   Will:      It increases your willpower.
 b - the +8 hand axe of Oxkesett (weapon) {spect, Str+2 Int+2}
   (You found it on level 12 of the Dungeon)

   When its wielder attacks, the weapon's spirit leaps out and strikes again.
   The spirit shares a part of any damage it takes with its wielder.
   Str:       It affects your strength (+2).
   Int:       It affects your intelligence (+2).
 E - a +4 scimitar of flaming
 G - a +1 broad axe of flaming
Missiles
 m - 12 throwing nets (quivered)
 q - 139 sling bullets
 A - 254 stones
Armour
 c - a +1 buckler (worn)
 F - a +0 pair of boots (worn)
 H - the +5 ring mail of Context (worn) {Harm rN+ Int+5}
   (You bought it in a shop on level 1 of the Dungeon)

   Int:       It affects your intelligence (+5).
   rN:        It protects you from negative energy.
   Harm:      It increases damage dealt and taken.
 K - the +2 helmet "Zegiot" (worn) {Harm rElec rN+ Str+3}
   (You found it on level 9 of the Dungeon)

   Str:       It affects your strength (+3).
   rElec:     It insulates you from electricity.
   rN:        It protects you from negative energy.
   Harm:      It increases damage dealt and taken.
 L - a scarf of resistance (worn)
Jewellery
 e - the ring of the Meadowlark (left claw) {EV+4 Str+2}
   (You acquired it on level 11 of the Dungeon)

   [ring of evasion]

   EV:        It affects your evasion (+4).
   Str:       It affects your strength (+2).
 s - the ring of Xusuodauhe (right claw) {rC++ Will- Dex+6 SInv}
   (You bought it in a shop on level 1 of the Dungeon)

   [ring of see invisible]

   Dex:       It affects your dexterity (+6).
   rC:        It greatly protects you from cold.
   SInv:      It lets you see invisible.
   Will:      It decreases your willpower.
 y - a ring of flight
 D - the amulet "Onapuwur" (around neck) {RegenMP rF+ rC+ Will+ Dex+4}
   (You found it on level 6 of the Dungeon)

   [amulet of magic regeneration]

   It increases your rate of magic regeneration.
   Dex:       It affects your dexterity (+4).
   rF:        It protects you from fire.
   rC:        It protects you from cold.
   Will:      It increases your willpower.
 X - a ring of willpower
Wands
 j - a wand of digging (3)
 J - a wand of acid (16)
Scrolls
 f - 5 scrolls of magic mapping
 g - 3 scrolls of amnesia
 l - 3 scrolls of brand weapon
 n - a scroll of enchant weapon
 u - a scroll of fog
 v - a scroll of silence
 x - a scroll of enchant armour
 R - 18 scrolls of identify
Potions
 d - a potion of might
 k - 9 potions of curing
 o - 2 potions of brilliance
 p - a potion of resistance
 t - 2 potions of heal wounds
 w - a potion of magic
 O - 2 potions of cancellation
Miscellaneous
 C - a condenser vane


   Skills:
 * Level 16.3 Fighting
 + Level 12.5 Long Blades
 * Level 13.3 Slings
 + Level 10.1 Armour
 + Level 9.7 Dodging
 - Level 6.5 Shields
 * Level 15.7 Invocations
 + Level 6.9 Evocations


You had 16 spell levels left.
You didn't know any spells.
Your spell library contained the following spells:

 Spells                   Type           Power      Damage    Failure   Level
 Foxfire                  Conj/Fire      0%         2x1d4     50%         1
 Magic Dart               Conj           0%         1d3       50%         1
 Sting                    Tmut/Pois      0%         1d3       50%         1
 Poisonous Vapours        Pois/Air       0%         N/A       63%         2
 Searing Ray              Conj           0%         2d4       63%         2
 Static Discharge         Conj/Air       0%         N/A       63%         2
 Conjure Flame            Conj/Fire      0%         6-21      86%         3
 Ignite Poison            Fire/Tmut/Pois 0%         N/A       86%         3
 Inner Flame              Hex/Fire       0%         N/A       86%         3
 Mephitic Cloud           Conj/Pois/Air  0%         N/A       86%         3
 Animate Dead             Necr           0%         N/A       99%         4
 Dispel Undead            Necr           0%         3d6       99%         4
 Flame Wave               Conj/Fire      0%         2d4       99%         4
 Fulminant Prism          Conj/Hex       0%         3d6       99%         4
 Olgreb's Toxic Radiance  Pois           0%         N/A       99%         4
 Passage of Golubria      Tloc           0%         N/A       99%         4
 Sticky Flame             Conj/Fire      0%         2d3       99%         4
 Summon Ice Beast         Ice/Summ       0%         N/A       99%         4
 Alistair's Intoxication  Tmut/Pois      0%         N/A       100%        5
 Borgnjor's Vile Clutch   Necr/Erth      0%         N/A       100%        5
 Fireball                 Conj/Fire      0%         3d3       100%        5
 Freezing Cloud           Conj/Ice/Air   0%         6-21      100%        5
 Iskenderun's Battlesphe  Conj           0%         2d6       100%        5
 Silence                  Hex/Air        0%         N/A       100%        5
 Summon Mana Viper        Hex/Summ       0%         N/A       100%        5
 Conjure Ball Lightning   Conj/Air       0%         3x3d6     100%        6
 Eringya's Noxious Bog    Tmut/Pois      0%         N/A       100%        6
 Haunt                    Necr/Summ      0%         N/A       100%        7
 Monstrous Menagerie      Summ           0%         N/A       100%        7
 Orb of Destruction       Conj           0%         N/A       100%        7
 Infestation              Necr           0%         N/A       100%        8
 Lehudib's Crystal Spear  Conj/Erth      0%         10d2      100%        8


Dungeon Overview and Level Annotations

Branches:
Dungeon (15/15)            Temple (0/1) D:5            Lair (6/6) D:11
 Shoals (4/4) Lair:4       Spider (0/4) Lair:4        Slime (0/5) Lair:6
    Orc (2/2) D:9             Elf (0/3) Orc:2        Vaults (0/5) D:14
 Depths (0/4) D:15

Altars:
Cheibriados
Gozag
Qazlal
Sif Muna
Trog
Uskayaw
Wu Jian
Xom
Yredelemnul
Zin
The Shining One
Beogh
Jiyva

Shops:
D:1 ([==   D:4 [   D:8 =   D:11 *   D:15 ?   Orc:1 =   Orc:2 ([(*=
Shoals:2 :[:

Annotations:
D:12 3 transporters
D:13 1 runed translucent door, shadowrider38's ghost, adept HOBr


Innate Abilities, Weirdness & Mutations

You thrive by killing the living.
You are immune to poison.
You have sharp fingernails.
Your flesh is cold resistant. (rC+)
You are immune to negative energy. (rN+++)
You do not regenerate when monsters are visible.
You are immune to unholy pain and torment.


Message History

Your merfolk impaler hits the merfolk avatar from afar with a +0 trident!
Shadowy forms rise from the deep at the merfolk avatar's song!
Your merfolk impaler hits the merfolk avatar from afar with a +0 trident!
You break out of your daze!
The merfolk avatar dies!
Qazlal accepts your kill.
Your merfolk hits the faun from afar with a +0 trident!
Your merfolk completely misses the faun.
You enter the shallow water.
Moving in this stuff is going to be slow.
Something hits your merfolk impaler.
You see here a stone.
The faun gestures at you while chanting.
You resist with some effort.
You swap places.
Your harpy is engulfed in freezing vapours.
Your harpy closely misses the faun.
Your harpy claws the faun!
The faun hits you with a +0 quarterstaff!
* * * LOW HITPOINT WARNING * * *
Your merfolk impaler barely misses the faun.
You enter the shallow water.
Moving in this stuff is going to be slow.
Your merfolk dissolves into shadows!
Your harpy claws the faun!
The faun dies!
Qazlal accepts your kill.
You hear a splash. x3
The merfolk javelineer throws a javelin.
The javelin pierces through you.
* * * LOW HITPOINT WARNING * * *
Items here: ( )) ††.
The merfolk javelineer throws a javelin.
The javelin completely misses you. The javelin misses your harpy.
Your harpy dissolves into shadows!
The merfolk javelineer throws a javelin.
The javelin closely misses you.
There is a stone staircase leading up here.
The merfolk javelineer throws a javelin.
The javelin pierces through you!!
You die...

≈≈≈..≈≈.÷≈(##P...≈≈≈≈≈≈≈≈≈≈.##
≈≈≈≈≈≈≈÷≈≈#≈#P≈≈..≈≈≈≈≈≈≈≈≈.#
≈≈≈≈≈≈≈≈≈≈≈≈≈≈...≈≈.≈≈≈≈≈≈≈.#
≈≈≈≈≈≈≈÷≈≈≈≈≈≈)..[≈..≈≈≈≈≈≈≈≈≈
≈≈≈≈≈≈≈≈≈≈≈≈≈≈≈...≈≈≈≈≈≈≈≈≈≈≈≈≈
≈≈≈≈≈≈≈(≈(≈(≈≈≈(...≈≈≈≈≈≈≈≈≈≈≈≈
≈≈≈≈≈≈...(≈≈≈≈≈.○.°°≈≈≈≈...≈≈≈≈
≈≈≈≈≈..(((....§.○☼°≈≈≈≈≈##..≈
≈≈≈≈≈....(.....@.))≈≈≈≈....≈
≈≈≈≈..(........§°mm.≈≈≈≈≈≈≈≈
≈≈≈..........§((○##.≈≈≈≈≈≈≈
≈≈...P.##(...#!.##(≈≈≈≈≈≈≈
≈≈..#P.......##.##m≈≈≈≈≈≈≈
≈...#PP......##.m≈≈≈≈≈≈≈≈≈
....P#...|..≈#..≈†≈≈≈≈≈≈≈.
..##......≈≈#≈≈≈≈≈≈≈≈≈≈≈ ..
#.....≈≈≈#≈≈≈≈≈≈≈≈≈≈≈


You could see a merfolk javelineer (ally target), a friendly merfolk impaler
(summoned) and a friendly merfolk (summoned).

Vanquished Creatures
  Rupert (Lair:4)
  Frances (D:12)
  Ilsuiw (Shoals:1)
  A very ugly thing (D:15)
  A merfolk javelineer (Shoals:3)
  8 merfolk impalers
  A great orb of eyes (D:12)
  Harold (Lair:2)
  2 ogre magi (D:12)
  A rakshasa (D:12)
  A death knight (D:14)
  4 boulder beetles
  8 merfolk avatars
  Erica (D:8)
  11 hydras
  An ice dragon (Lair:6)
  3 catoblepae
  2 merfolk aquamancers
  14 centaur warriors
  2 satyrs
  Urug (Lair:2)
  4 two-headed ogres
  7 death yaks
  An orc high priest (Orc:2)
  2 tengu warriors
  A deep elf knight (D:12)
  7 sea snakes
  4 skeletal warriors (D:12)
  A wizard (D:15)
  4 orc knights
  Pikel (D:4)
  3 lindwurms (Lair:6)
  13 harpies (Shoals:4)
  A necromancer (Lair:4)
  6 ugly things
  2 deep elf pyromancers (D:14)
  6 orc sorcerers
  An oklob plant (Shoals:1)
  3 wolf spiders
  A salamander (D:15)
  9 manticores
  11 fauns
  6 centaur zombies
  11 cyclopes
  8 black mambas
  A guardian serpent (Lair:6)
  12 merfolk sirens
  10 elephants
  8 torpor snails
  Maggie (D:6)
  3 water nymphs
  16 cane toads
  A freezing wraith (D:12)
  A rime drake (Lair:3)
  A torpor snail (shapeshifter) (D:15)
  2 tengu conjurers (D:15)
  3 komodo dragons
  2 kobold demonologists (D:12)
  3 meliai (D:14)
  5 wind drakes
  4 tyrant leeches (Lair:6)
  36 merfolk
  6 trolls
  A polar bear (Lair:6)
  9 hornets (Lair:6)
  25 blink frogs
  Grinder (D:4)
  5 snapping turtles
  17 dream sheep (Lair:6)
  14 slime creatures
  A jumping spider (Lair:4)
  A vampire (D:10)
  7 water elementals
  A shadow (D:11)
  6 wraiths
  Eustachio (D:4)
  49 yaks
  7 basilisks
  17 wyverns
  16 humans (D:14)
  A redback (Lair:6)
  A steam dragon (D:8)
  15 vampire mosquitoes
  8 wargs
  25 water moccasins
  A hornet zombie (D:9)
  27 orc warriors
  An ice beast (D:6)
  2 sky beasts
  3 black bears (D:11)
  A necrophage (D:9)
  8 ogres
  13 wolves
  16 centaurs
  4 lemures
  3 phantoms
  6 kobold brigands
  8 bullfrogs
  A gnoll sergeant (D:12)
  8 scorpions
  11 wights
  13 killer bees
  3 troll zombies (D:9)
  2 howler monkeys (D:10)
  5 electric eels
  4 hounds
  A human zombie (D:9)
  27 orc priests
  3 centaur skeletons
  A gnoll shaman (D:7)
  A jelly (D:5)
  3 iguanas
  2 bullfrog skeletons
  33 orc wizards
  4 polar bear simulacra (Lair:4)
  2 wolf simulacra (Lair:4)
  2 yak simulacra (Lair:4)
  3 ogre zombies (D:9)
  3 mummies (D:9)
  A howler monkey zombie (D:9)
  9 adders
  8 gnolls
  A howler monkey skeleton (D:7)
  2 white imps
  An ufetubus (D:6)
  An adder skeleton (D:4)
  2 worms
  2 dart slugs (D:1)
  71 orcs
  8 endoplasms
  7 giant cockroaches
  9 hobgoblins
  2 jackals (D:2)
  19 kobolds
  3 quokkas
  8 ball pythons
  4 bats
  2 frilled lizards
  4 goblins
  2 goblin skeletons (D:9)
  2 goblin zombies (D:9)
  A hobgoblin skeleton (D:9)
  2 hobgoblin zombies (D:9)
  3 orc skeletons (D:9)
  9 orc zombies (D:9)
  5 rats
  3 river rat simulacra (Lair:4)
  2 bushes (D:5)
  A butterfly (Lair:5)
941 creatures vanquished.

Vanquished Creatures (collateral kills)
  An orc warlord (Orc:2)
  A death knight (D:14)
  A merfolk avatar (Shoals:4)
  2 orc knights (Orc:2)
  A faun (Shoals:4)
  A merfolk (Shoals:4)
  2 snapping turtles (Shoals:4)
  An orc warrior (Orc:2)
  An orc priest (Orc:2)
  An orc wizard (Orc:2)
12 creatures vanquished.

Vanquished Creatures (others)
  The ghost of quinnr the Zephyrmancer, a novice TeAE of Sif Muna (D:8)
  A merfolk (Shoals:4)
  An orc warrior (Orc:2)
  An orc (Orc:2)
  39 fungi
  260 plants
303 creatures vanquished.

Grand Total: 1256 creatures vanquished

Notes
Turn   | Place    | Note
-------+----------+-------------------------------------------
     0 | D:1      | HallandMoats the Ghoul Fighter began the quest for the Orb.
     0 | D:1      | Reached XP level 1. HP: 19/19 MP: 0/0
   112 | D:1      | Reached XP level 2. HP: 21/26 MP: 1/1
   170 | D:1      | Found Kuinyit Kigg's Antique Armour Emporium.
   211 | D:1      | Found Gitif's Jewellery Boutique.
   358 | D:1      | Found Jame's Antique Weapon Shoppe.
   531 | D:1      | Found Yriej's Jewellery Shop.
   601 | D:1      | Reached XP level 3. HP: 28/33 MP: 2/2
  1234 | D:2      | Reached skill level 4 in Fighting
  1234 | D:2      | Reached XP level 4. HP: 21/40 MP: 3/3
  1569 | D:2      | Found a faded altar of an unknown god.
  1675 | D:2      | Prayed at the altar of an unknown god.
  1675 | D:2      | Became a worshipper of Qazlal Stormbringer
  1675 | D:2      | Reached * piety under Qazlal
  1900 | D:3      | Found a bloodstained altar of Trog.
  1918 | D:3      | Found an ornate altar of the Wu Jian Council.
  2135 | D:3      | Reached XP level 5. HP: 27/46 MP: 4/4
  2139 | D:3      | Reached skill level 1 in Invocations
  2145 | D:3      | HP: 1/46 [orc priest/divine providence (11)]
  2147 | D:3      | Reached skill level 1 in Dodging
  2465 | D:3      | Reached ** piety under Qazlal
  2601 | D:3      | Identified the +6 hunting sling "Qappioq" {freeze, Will+
                  | Dex+3}
  3192 | D:4      | Identified the +2 leather armour "Jiuciump" {Fly}
  3289 | D:4      | Reached XP level 6. HP: 46/53 MP: 6/6
  3371 | D:4      | Found Yboaru's Antique Armour Emporium.
  3406 | D:4      | Reached skill level 1 in Slings
  3626 | D:4      | Noticed Grinder
  3628 | D:4      | Noticed Eustachio
  3629 | D:4      | Paralysed by Grinder for 3 turns
  3798 | D:4      | Killed Eustachio
  3799 | D:4      | Reached skill level 5 in Fighting
  3799 | D:4      | Reached XP level 7. HP: 61/61 MP: 7/7
  3845 | D:4      | Paralysed by Grinder for 7 turns
  3853 | D:4      | Killed Grinder
  4112 | D:5      | Entered Level 5 of the Dungeon
  4172 | D:5      | Reached XP level 8. HP: 69/69 MP: 9/9
  4433 | D:5      | Found a staircase to the Ecumenical Temple.
  4435 | D:5      | Noticed Pikel
  4643 | D:4      | Killed Pikel
  4644 | D:4      | Reached skill level 6 in Fighting
  4644 | D:4      | Reached skill level 5 in Shields
  4890 | D:5      | Reached XP level 9. HP: 72/75 MP: 11/11
  5398 | D:6      | Found a shimmering blue altar of Sif Muna.
  5414 | D:6      | Reached skill level 5 in Invocations
  5913 | D:6      | Reached *** piety under Qazlal
  5949 | D:6      | Found a transporter.
  6000 | D:6      | Reached skill level 7 in Fighting
  6244 | D:6      | Identified the amulet "Onapuwur" {RegenMP rF+ rC+ Will+
                  | Dex+4}
  6302 | D:6      | Found a transporter.
  6400 | D:6      | Noticed Maggie
  6409 | D:6      | Killed Maggie
  6752 | D:6      | Found a snail-covered altar of Cheibriados.
  7016 | D:1      | Bought a faintly humming ring mail for 216 gold pieces
  7016 | D:1      | Identified the +5 ring mail of Context {Harm rN+ Int+5}
                  | (You bought it in a shop on level 1 of the Dungeon)
  7367 | D:7      | Reached XP level 10. HP: 86/86 MP: 13/13
  7377 | D:7      | Found a shimmering altar of Xom.
  7818 | D:7      | Found a hide-covered altar of Uskayaw.
  8082 | D:8      | Noticed Erica
  8095 | D:8      | Killed Erica
  8096 | D:8      | Reached skill level 5 in Slings
  8202 | D:8      | Reached skill level 5 in Armour
  8346 | D:8      | Reached skill level 8 in Fighting
  8424 | D:8      | Found Zeusoe's Jewellery Shop.
  8628 | D:8      | Found a runed translucent door.
  8629 | D:8      | Noticed quinnr's ghost (novice TeAE)
  8629 | D:8      | Noticed a centaur warrior
  8770 | D:8      | Killed quinnr's ghost
  8786 | D:8      | Killed a centaur warrior
  8787 | D:8      | Reached skill level 5 in Long Blades
  9959 | D:9      | Identified a scroll of acquirement
 10516 | D:9      | Reached XP level 11. HP: 95/95 MP: 15/15
 10597 | D:9      | Reached **** piety under Qazlal
 10605 | D:9      | Found a basalt altar of Yredelemnul.
 10839 | D:9      | Identified the +2 helmet "Zegiot" {Harm rElec rN+ Str+3}
 11056 | D:9      | Reached skill level 9 in Fighting
 11112 | D:9      | Found a staircase to the Orcish Mines.
 11528 | D:9      | Identified the +3 morningstar "Mem Xuof" {holy, rCorr Int+4
                  | Stlth+}
 11711 | D:10     | Entered Level 10 of the Dungeon
 11851 | D:10     | Reached ***** piety under Qazlal
 11978 | D:10     | Noticed a two-headed ogre
 11999 | D:10     | Killed a two-headed ogre
 12368 | D:10     | Noticed a two-headed ogre
 12375 | D:10     | Killed a two-headed ogre
 12794 | D:11     | Found a staircase to the Lair.
 12840 | D:11     | Reached skill level 5 in Dodging
 12891 | D:11     | Noticed a cyclops
 12899 | D:11     | Killed a cyclops
 12900 | D:11     | Reached skill level 10 in Fighting
 12978 | D:11     | Reached XP level 12. HP: 106/106 MP: 17/17
 12986 | D:11     | Found Poh Meiti's CLEARANCE SALE!.
 13358 | D:11     | You fall into a shaft and drop 2 floors!
 13395 | D:12     | Noticed a centaur warrior
 13397 | D:12     | Noticed a centaur warrior
 14075 | D:11     | Acquired a manual of Long Blades
 14078 | D:11     | Acquired the ring of the Meadowlark {EV+4 Str+2}
 14123 | D:12     | Noticed a great orb of eyes
 14141 | D:12     | Killed a great orb of eyes
 14151 | D:12     | Noticed a deep elf knight
 14163 | D:12     | Killed a deep elf knight
 14259 | D:12     | Found a transporter.
 14264 | D:12     | Found a transporter.
 14356 | D:12     | Noticed a six-headed hydra
 14375 | D:12     | Killed a six-headed hydra
 14473 | D:12     | Noticed a centaur warrior
 14478 | D:12     | Noticed a tengu warrior
 14732 | D:11     | Killed a tengu warrior
 14733 | D:11     | Reached skill level 10 in Invocations
 14889 | D:12     | Reached skill level 11 in Fighting
 15328 | D:12     | Noticed Frances
 15598 | D:12     | Reached XP level 13. HP: 75/116 MP: 19/19
 16079 | D:12     | Noticed a rakshasa
 16089 | D:12     | Killed a rakshasa
 16144 | D:12     | Reached skill level 12 in Fighting
 16259 | D:12     | Found a transporter.
 16261 | D:12     | Found a transporter.
 16376 | D:12     | Identified the +8 hand axe of Oxkesett {spect, Str+2 Int+2}
 16427 | D:12     | Killed Frances
 16464 | D:12     | Found a transporter.
 16466 | D:12     | Found a transporter.
 16662 | D:12     | Identified the +5 scale mail "Zoyrphajod" {Regen+ Stlth+}
 16958 | D:13     | Noticed shadowrider38's ghost (adept HOBr)
 16962 | D:13     | Found a runed translucent door.
 16990 | D:13     | Reached ****** piety under Qazlal
 17448 | D:13     | Reached skill level 1 in Evocations
 18087 | D:14     | Reached XP level 14. HP: 70/127 MP: 21/21
 18526 | D:14     | Reached skill level 10 in Slings
 19560 | D:14     | Found a gate to the Vaults.
 20117 | D:15     | Entered Level 15 of the Dungeon
 20150 | D:15     | Reached skill level 13 in Fighting
 20550 | D:15     | Found an opulent altar of Gozag.
 20698 | D:15     | Noticed a red very ugly thing
 20710 | D:15     | Killed a red very ugly thing
 20926 | D:15     | Found Hetrix's Magic Scroll Boutique.
 20993 | D:15     | Found a staircase to the Depths.
 21237 | D:15     | Bought a scroll of magic mapping for 52 gold pieces
 21237 | D:15     | Bought a scroll of blinking for 112 gold pieces
 21237 | D:15     | Bought a scroll of blinking for 112 gold pieces
 21331 | Lair:1   | Entered Level 1 of the Lair of Beasts
 21610 | Lair:1   | Reached XP level 15. HP: 136/136 MP: 23/23
 22130 | Lair:2   | Noticed Urug
 22140 | Lair:2   | Killed Urug
 22234 | Lair:2   | Identified the +8 hand axe "Ytrig" {vorpal, rCorr Int+3}
 22292 | Lair:2   | Noticed Harold
 22297 | Lair:2   | Killed Harold
 22436 | Lair:2   | Reached skill level 10 in Long Blades
 23650 | Lair:4   | Found a staircase to the Shoals.
 23694 | Lair:4   | Noticed Rupert
 23716 | Lair:4   | Killed Rupert
 23717 | Lair:4   | Reached skill level 14 in Fighting
 23936 | Lair:4   | Found a hole to the Spider Nest.
 24005 | Lair:4   | Identified the +1 falchion "Pongas" {freeze, Contam rN+
                  | Will- Str+3 Int+3}
 24994 | Lair:6   | Entered Level 6 of the Lair of Beasts
 25292 | Lair:6   | Reached XP level 16. HP: 144/147 MP: 25/25
 25300 | Lair:6   | Reached skill level 5 in Evocations
 26134 | Lair:6   | Found a runed translucent door.
 26272 | Lair:6   | Reached skill level 15 in Fighting
 27060 | Lair:6   | Found a viscous altar of Jiyva.
 27060 | Lair:6   | Found a staircase to the Slime Pits.
 28298 | Orc:1    | Entered Level 1 of the Orcish Mines
 28966 | Orc:1    | Found Bowilleo's Jewellery Boutique.
 29278 | Orc:1    | Acquired 967 gold pieces
 29281 | Orc:2    | Entered Level 2 of the Orcish Mines
 30081 | Orc:2    | Found Isaskor's Antique Armour Shop.
 30122 | Orc:2    | Found Nivefy's Antique Weapon Shop.
 30134 | Orc:2    | Found Jaw Xyip's General Store.
 30146 | Orc:2    | Found Ehynnum's Jewellery Shop.
 30309 | Orc:2    | Found Quizxaum's Weapon Boutique.
 30444 | Orc:2    | Found a staircase to the Elven Halls.
 30879 | Shoals:1 | Entered Level 1 of the Shoals
 31186 | Shoals:1 | Found an opulent altar of Gozag.
 31411 | Shoals:1 | Reached XP level 17. HP: 156/156 MP: 27/27
 31739 | Shoals:2 | Noticed Ilsuiw
 32232 | Shoals:1 | Killed Ilsuiw
 32946 | D:1      | Bought the ring of Xusuodauhe {rC++ Will- Dex+6 SInv} for
                  | 622 gold pieces
 33351 | Shoals:2 | Reached skill level 15 in Invocations
 33481 | Shoals:2 | Found Niamp's Antique Armour Boutique.
 33587 | Shoals:2 | Found Estu's Book Shop.
 33915 | Shoals:2 | Found Vuofihik's Book Shop.
 35722 | Shoals:4 | Entered Level 4 of the Shoals
 35750 | Shoals:4 | Reached skill level 10 in Armour
 35754 | Shoals:4 | Reached skill level 16 in Fighting
 36740 | Shoals:4 | Identified the +7 falchion "Kycum" {holy, *Noise rCorr MP+9
                  | SInv}
 36755 | Shoals:4 | Hit by a javelin thrown by a merfolk javelineer

Illustrated notes

Levels and vault maps discovered:
D:1:      lightli_arrival_isolated_outpost, layout_basic, serial_shops, shop,
          shop, shop, shop_fountains
D:2:      layout_loops_cross, ebering_ecumenical_altar_rust, minmay_box_of_dots
D:3:      layout_basic, mainiacjoe_overflow_large_starburst, minmay_circle_x
D:4:      layout_basic, marbit_many_paths, serial_shops, shop_statue,
          uniq_grinder, uniq_eustachio
D:5:      layout_loops_ring, mainiacjoe_overflow_alcove_4,
          minmay_temple_entry_overgrown, uniq_pikel
D:6:      gammafunk_steamed_eel, layout_basic, mainiacjoe_overflow_swirl,
          uniq_maggie
D:7:      layout_gridville, mainiacjoe_overflow_alcove_1, old_standard_altar
D:8:      layout_rooms, serial_shops, shop_statue, ebering_ghost_inner_flame,
          uniq_erica
D:9:      layout_stronghold, lemuel_mausoleum_altar_yredelemnul,
          zombieorc1_lemuel
D:10:     layout_irregular_city
D:11:     layout_loops_ring, minmay_lair_entry_grove, serial_bayou,
          serial_bayou_pond_a, serial_bayou_pond_e, serial_bayou_shore_b,
          serial_bayou_crossing, nicolae_shop_clearance
D:12:     minmay_swirls_squares, layout_basic, serial_nicolae_subway,
          nicolae_sub_station_stone, nicolae_sub_station_metal,
          nicolae_sub_station_crystal, uniq_frances
D:13:     layout_basic, hellmonk_ghost_big_iron, minmay_librarian
D:14:     layout_loops_ring, david_vaults_3, basic_altar, serial_bayou_lake_a
D:15:     hangedman_depths_entry_try_elsewhere_first, layout_irregular_city,
          grunt_gozag_breadcrumbs, serial_shops, shop, kennysheep_inner_square
Lair:1:   layout_roguey, grunt_forest_small_clearings,
          chequers_serial_rivers_micro_a
Lair:2:   layout_roguey, lemuel_fruit_tree, uniq_urug, uniq_harold
Lair:3:   layout_small_grid
Lair:4:   layout_misc_corridors, elwin_shoals_entry_stream, spider_nest_entry_a,
          eino_house_with_fridge, uniq_rupert
Lair:5:   layout_cave_shapes, infiniplex_staircase_pool_2, lemuel_fruit_fields
Lair:6:   hangedman_lair_tendril_chambers, layout_layer_cave, wormcave,
          dpeg_slime_entry_enclosed_altar
Shoals:1: layout_shoals, nicolae_shoals_land_atoll, lemuel_oklob_altar
Shoals:2: layout_shoals, serial_shops, nicolae_shop_statue_plus, shop,
          nicolae_take_the_stairs, uniq_ilsuiw
Shoals:3: layout_shoals
Shoals:4: shoals_end_grunt_garden, layout_shoals, nicolae_shoals_hunting_party
Orc:1:    layout_caves, serial_shops, nicolae_shop_statue_plus
Orc:2:    grunt_orc_cross, layout_diamond_mine, basic_altar, serial_shops,
          nicolae_shop_waterfront

Skill      XL: |  1  2  3  4  5  6  7  8  9 10 11 12 13 14 15 16 17 |
---------------+----------------------------------------------------+-----
Long Blades    | 2 3 4 5 6 7 8 9 10 11 12 | 12.5
Shields        | 3 4 5 6 |  6.5
Fighting       | 4 5 6 7 8 10 11 12 13 14 15 16 | 16.3
Armour         | 3 4 5 6 7 8 9 10 | 10.1
Invocations    | 1 2 3 4 6 7 9 10 11 12 13 14 15 | 15.7
Dodging        | 1 2 3 4 5 6 7 8 9 |  9.7
Slings         | 1 2 3 4 6 7 8 9 10 11 12 13 | 13.3
Evocations     | 1 3 4 6 |  6.9

Action                   |  1- 3 |  4- 6 |  7- 9 | 10-12 | 13-15 | 16-18 || total
-------------------------+-------+-------+-------+-------+-------+-------++-------
Melee: Long sword        |    52 |       |       |       |       |       ||    52
       Short sword       |    31 |    87 |    78 |    32 |     9 |       ||   237
       Scimitar          |       |       |       |     1 |       |       ||     1
       Hand axe          |       |       |       |       |       |   131 ||   131
 Fire: Hunting sling     |       |    44 |   193 |   751 |  1124 |  1230 ||  3342
Invok: Disaster Area     |       |       |       |       |     3 |     1 ||     4
       Elemental Force   |       |       |       |       |     1 |     1 ||     2
Evoke: Wand              |       |       |       |       |     2 |       ||     2
  Use: Scroll            |       |     2 |       |    16 |     6 |    13 ||    37
       Potion            |       |       |       |     2 |    11 |     8 ||    21
Armor: Scale mail        |    42 |    35 |       |       |       |       ||    77
       Plate armour      |       |     2 |    84 |       |       |       ||    86
       Ring mail         |       |       |     7 |   131 |    97 |   108 ||   343
Dodge: Dodged            |    32 |    40 |    37 |   194 |   228 |   385 ||   916
       Repelled          |       |       |       |     2 |     4 |     8 ||    14
Block: Buckler           |    15 |    22 |    56 |   232 |   279 |   505 ||  1109

Table legend: (Time is in decaauts)
 A = Elapsed time spent in this place.
 B = Non-inter-level travel time spent in this place.
 C = Inter-level travel time spent in this place.
 D = Time resting spent in this place.
 E = Time spent auto-exploring this place.
 F = Levels seen in this place.
 G = Mean time per level.
                   A        B        C        D        E       F      G
               +--------+--------+--------+--------+--------+-----+--------+
         Total |  36322 |  33139 |   3183 |   6127 |  20804 |  27 | 1345.3 |
       Dungeon |  22336 |  19901 |   2435 |   3475 |  13038 |  15 | 1489.1 |
          Lair |   6390 |   5746 |    644 |      0 |   4607 |   6 | 1065.0 |
        Shoals |   5256 |   5171 |     85 |   1862 |   2133 |   4 | 1314.0 |
  Orcish Mines |   2339 |   2321 |     18 |    789 |   1025 |   2 | 1169.5 |
               +--------+--------+--------+--------+--------+-----+--------+

Top non-repeatable levels by time:
     D:6: 2658 daAuts
    D:11: 2332 daAuts
  Lair:6: 2197 daAuts
     D:9: 1906 daAuts
    D:14: 1802 daAuts
Shoals:3: 1790 daAuts
    D:12: 1741 daAuts
Shoals:1: 1729 daAuts
     D:4: 1547 daAuts
   Orc:1: 1511 daAuts
     D:3: 1494 daAuts
    D:13: 1410 daAuts
     D:1: 1330 daAuts
Shoals:2: 1202 daAuts
     D:2: 1187 daAuts
